 Dungeon Crawl Stone Soup version 0.29.1-12-g30fa7ad0bf (webtiles) character file.

Game seed: 12595037779311216770

2501 xian the Cudgeller (level 9, 0/88 HPs)
             Began as a Troll Fighter on Dec 13, 2022.
             Was a Believer of Okawaru.
             Killed by divine providence
             ... invoked by an orc priest
              (14 damage)
             ... on level 6 of the Dungeon.
             The game lasted 00:11:43 (4113 turns).

xian the Cudgeller (Troll Fighter)                  Turns: 4113, Time: 00:11:44

Health: 0/88       AC: 12    Str: 30    XL:     9   Next: 28%
Magic:  8/8        EV:  9    Int:  4    God:    Okawaru [**....]
Gold:   7          SH:  8    Dex:  9    Spells: 8/8 levels left

rFire   . . .      SeeInvis .   s - +1 flail (protect)
rCold   . . .      Faith    .   c - +0 kite shield
rNeg    . . .      Spirit   .   b - +0 robe
rPois   .          Reflect  .   (helmet restricted)
rElec   .          Harm     .   g - +0 cloak
rCorr   .          Rampage  .   (gloves unavailable)
Will    .....                   (boots unavailable)
Stlth   +.........              (no amulet)
HPRegen 1.04/turn               (no ring)
MPRegen 0.11/turn               (no ring)

@: under a protective aura
A: large, unfitting armour, claws 3, regeneration 1, shaggy fur 1, tough skin 1
a: Renounce Religion, Heroism


You were on level 6 of the Dungeon.
You worshipped Okawaru.
Okawaru was pleased with you.
You visited 2 branches of the dungeon, and saw 7 of its levels.

You collected 271 gold pieces.
You spent 264 gold pieces at shops.

Inventory:

Hand Weapons
 s - a +1 flail of protection (weapon)
 C - a +0 giant spiked club
Missiles
 i - 5 poisoned darts (quivered)
Armour
 b - a +0 robe (worn)
 c - a +0 kite shield (worn)
 g - a +0 cloak (worn)
Magical Staves
 q - a staff of conjuration
Jewellery
 u - an amulet of faith
Wands
 l - a wand of light (8)
 v - a wand of flame (19)
Scrolls
 e - 3 scrolls of amnesia
 h - 4 scrolls of immolation
 m - 2 scrolls of teleportation {unknown}
 n - 4 scrolls of identify {unknown}
 o - a scroll of torment
 p - a scroll of vulnerability {unknown}
 r - a scroll of acquirement {unknown}
 y - a scroll of poison {unknown}
 B - a scroll of summoning {unknown}
 D - a scroll of enchant weapon {unknown}
Potions
 a - a potion of ambrosia {unknown}
 d - a potion of might
 f - 3 potions of heal wounds {unknown}
 j - 4 potions of curing {unknown}
 k - a potion of haste
 t - a potion of attraction {unknown}
 w - a potion of mutation {unknown}
 x - a potion of invisibility {unknown}
 z - a potion of brilliance {unknown}
 A - a potion of cancellation {unknown}


   Skills:
 + Level 5.1 Fighting
 + Level 7.4 Maces & Flails
 + Level 1.3 Throwing
 + Level 5.4 Dodging
 + Level 1.1 Stealth
 + Level 5.1 Shields


You had 8 spell levels left.
You didn't know any spells.
Your spell library contained the following spells:

 Spells                   Type           Power      Damage    Failure   Level
 Blade Hands              Tmut           0%         N/A       100%        5
 Iron Shot                Conj/Erth      0%         9d1       100%        6
 Animate Armour           Summ/Erth      Unusable   N/A       N/A         4

Dungeon Overview and Level Annotations

Branches:
Dungeon (6/15)             Temple (1/1) D:5

Altars:
Dithmenos
Makhleb
Nemelex Xobeh
Okawaru
Qazlal

Shops:
D:5 [?*

Annotations:
D:3 3 runed translucent doors, elongatedgoose's ghost, amateur FoFi; kingsuperguy's ghost, weakling MiFi; tkbsonic5's ghost, amateur DrSu; xSliceyx's ghost, amateur GrFi


Innate Abilities, Weirdness & Mutations

You are too large for most types of armour.
You have claws for hands.
Your natural rate of healing is unusually fast.
You are covered in fur. (AC +1)
You have tough skin. (AC +1)


Message History

The orc warrior hits you with a +0 war axe!
The orc priest miscasts a cantrip.
You block the orc's attack.
You closely miss the orc warrior. The orc warrior closely misses you.
You block the orc's attack.
The orc hits you from afar with a +0 trident.
The orc warrior hits you with a +0 war axe!!
You hit the orc warrior.
The orc warrior is moderately wounded.
The orc hits you from afar with a +0 trident.
The orc warrior hits you with a +0 war axe!
* * * LOW HITPOINT WARNING * * *
You barely miss the orc warrior.
The orc warrior is moderately wounded.
You block the orc warrior's attack. You block the orc's attack.
You hit the orc warrior.
The orc warrior is heavily wounded.
The orc warrior barely misses you. The orc closely misses you.
You hit the orc warrior.
The orc warrior is heavily wounded.
The orc warrior hits you with a +0 war axe!
* * * LOW HITPOINT WARNING * * *
The orc priest calls upon Beogh to heal the orc warrior.
The orc warrior is healed somewhat.
You block the orc's attack.
You sock the orc warrior!
The orc warrior is severely wounded.
The orc warrior hits you but does no damage.
The orc closely misses you.
You hit the orc warrior.
The orc warrior is almost dead.
You block the orc warrior's attack. The orc hits you but does no damage.
The orc warrior hits you with a +0 war axe.
* * * LOW HITPOINT WARNING * * *
The orc barely misses you.
You sock the orc warrior!
You kill the orc warrior!
Okawaru accepts your kill.
The orc priest invokes the aid of Beogh against you.
Beogh smites you!
You die...

...............#......+.........'
#....#########.#...####......>..#
#........# #....## ##.......##
#..#####.# ##.#### ##..>..## #..#
#.# #....# ##...## #..### #.#
####.# ##+## #....# #.# #.# #.#
##.#.###.# #####o### #.#
#.......# #..@)o..######.#####
###.##### #.###o#....##...#...
####.# #. #.#..#........## .....#
#. #...###.#...#.# ######
#........#.)##.##.##
########...###.##.## ##.. ...)...
### ##.##.## #.##.##


You could see an orc priest and 2 orcs.

Vanquished Creatures
  Grinder (D:4)
  5 yaks (D:6)
  2 black bears
  2 ice beasts
  An orc warrior (D:6)
  2 ogres
  A phantom (D:5)
  4 scorpions
  6 jellies
  3 hounds (D:5)
  A gnoll bouda (D:6)
  3 iguanas
  Robin (D:3)
  11 gnolls
  7 adders
  A white imp (D:6)
  6 worms
  4 dart slugs
  10 orcs
  5 ball pythons
  12 endoplasms
  5 giant cockroaches
  17 goblins
  16 hobgoblins
  15 kobolds
  3 quokkas
  8 bats
  8 frilled lizards
  8 rats
168 creatures vanquished.

Vanquished Creatures (others)
  An orc wizard (D:2)
  4 fungi (D:2)
  4 plants (D:4)
  7 toadstools (D:2)
  2 withered plants (D:3)
18 creatures vanquished.

Grand Total: 186 creatures vanquished

Notes
Turn   | Place    | Note
-------+----------+-------------------------------------------
     0 | D:1      | xian the Troll Fighter began the quest for the Orb.
     0 | D:1      | Reached XP level 1. HP: 22/22 MP: 0/0
    77 | D:1      | Reached XP level 2. HP: 25/29 MP: 1/1
   133 | D:1      | Reached skill level 2 in Maces & Flails
   488 | D:1      | Reached XP level 3. HP: 36/36 MP: 2/2
   753 | D:2      | Reached XP level 4. HP: 41/45 MP: 3/3
   761 | D:2      | Reached skill level 3 in Maces & Flails
   859 | D:2      | Reached XP level 5. HP: 53/53 MP: 4/4
  1404 | D:3      | Found a runed translucent gate.
  1404 | D:3      | Found a runed translucent gate.
  1404 | D:3      | Found a runed translucent gate.
  1406 | D:3      | Noticed xSliceyx's ghost (amateur GrFi)
  1409 | D:3      | Noticed kingsuperguy's ghost (weakling MiFi)
  1409 | D:3      | Noticed elongatedgoose's ghost (amateur FoFi)
  1409 | D:3      | Noticed tkbsonic5's ghost (amateur DrSu)
  1709 | D:3      | Noticed Robin
  1718 | D:3      | Killed Robin
  1844 | D:3      | Reached XP level 6. HP: 60/61 MP: 5/5
  2199 | D:4      | Reached skill level 4 in Maces & Flails
  2349 | D:4      | Noticed Grinder
  2387 | D:4      | Paralysed by Grinder for 4 turns
  2392 | D:4      | Killed Grinder
  2393 | D:4      | Reached XP level 7. HP: 57/68 MP: 6/6
  2486 | D:4      | Reached skill level 1 in Throwing
  2610 | D:4      | Found a sparkling altar of Nemelex Xobeh.
  2655 | D:4      | Reached skill level 5 in Maces & Flails
  2902 | D:5      | Entered Level 5 of the Dungeon
  2910 | D:5      | Found Reruhe's Magic Scroll Boutique.
  2918 | D:5      | Found a staircase to the Ecumenical Temple.
  3021 | D:5      | Reached XP level 8. HP: 69/78 MP: 7/7
  3107 | D:5      | Found Urhuotagg's Assorted Antiques.
  3115 | D:5      | Bought a scroll labelled JUJASO EKLILLOD for 27 gold pieces
  3115 | D:5      | Bought a bubbling cyan potion for 24 gold pieces
  3115 | D:5      | Bought a scroll labelled SARECH OTIUFYE for 27 gold pieces
  3115 | D:5      | Bought a sedimented inky potion for 24 gold pieces
  3115 | D:5      | Bought a glowing mace for 162 gold pieces
  3281 | D:5      | Reached skill level 1 in Stealth
  3298 | Temple   | Entered the Ecumenical Temple
  3315 | Temple   | Became a worshipper of Warmaster Okawaru
  3414 | D:5      | Found Tonkof's Armour Shoppe.
  3579 | D:6      | Reached skill level 6 in Maces & Flails
  3651 | D:6      | Reached skill level 5 in Dodging
  3789 | D:6      | Reached * piety under Okawaru
  3806 | D:6      | Reached skill level 5 in Fighting
  3806 | D:6      | Reached skill level 5 in Shields
  3806 | D:6      | Reached XP level 9. HP: 61/88 MP: 8/8
  3810 | D:6      | Reached skill level 7 in Maces & Flails
  3818 | D:6      | Reached ** piety under Okawaru
  4113 | D:6      | Killed from afar by an orc priest

Illustrated notes

Levels and vault maps discovered:
D:1:      doesnt_arrival_eight_statues, layout_rooms, nrook_mini_backslash,
          st_stairs_12
D:2:      cheibrodos_fertilizer, layout_basic, minmay_circle_x
D:3:      layout_loops_ring, gammafunk_ghost_cemetery, uniq_robin
D:4:      layout_rooms, nemelex_dance_club_becter, serial_forest,
          infiniplex_forest_clump_C, infiniplex_forest_zigzag_2,
          infiniplex_forest_lined_1, infiniplex_forest_clump_small,
          infiniplex_forest_corner_1, grunt_ministairs_4, uniq_grinder
D:5:      layout_cave_pools, temple_statues, serial_shops, nicolae_diamond_shop,
          nicolae_shop_hallway_stairs, kennysheep_little_box
D:6:      layout_loops_corners, serial_shops, shop
Temple:   nicolae_temple_superstar

Skill      XL: |  1  2  3  4  5  6  7  8  9 |
---------------+----------------------------+-----
Maces & Flails | 2 3 4 5 6 7 |  7.4
Shields        | 3 4 5 |  5.1
Fighting       | 3 4 5 |  5.1
Dodging        | 3 4 5 |  5.4
Throwing       | 1 |  1.3
Stealth        | 1 |  1.1

Action                   |  1- 3 |  4- 6 |  7- 9 || total
-------------------------+-------+-------+-------++-------
Melee: Flail             |   141 |   246 |   220 ||   607
Throw: Dart              |       |     6 |     4 ||    10
  Use: Scroll            |       |       |     3 ||     3
Armor: Robe              |    77 |   126 |    93 ||   296
Dodge: Dodged            |    71 |   123 |    84 ||   278
Block: Kite shield       |    75 |   100 |    97 ||   272
